 Dungeon Crawl Stone Soup version 0.26-a0-1205-g4083c211ab (webtiles) character file.

Game seed: 16426213382724939233

5287 CurlyBrace the Gouger (level 10, -12/49 HPs)
             Began as a Felid Delver on Dec 29, 2020.
             Was a High Priest of Cheibriados.
             Hit by a large rock thrown by a cyclops (45 damage)
             ... on level 11 of the Dungeon.
             The game lasted 01:01:42 (3841 turns).

CurlyBrace the Gouger (Felid Delver)                Turns: 3841, Time: 01:01:43

Health: -12/49     AC:  2    Str: 22    XL:     10   Next: 37%
Magic:  15/15      EV: 31    Int: 29    God:    Cheibriados [*****.]
Gold:   431        SH:  0    Dex: 32    Spells: 13/15 levels left
                                        Lives:  0   Deaths: 3

rFire    . . .     SeeInvis +     - Unarmed
rCold    + . .     Faith    .   (shield unavailable)
rNeg     . . .     Spirit   .   (armour unavailable)
rPois    .         Reflect  .   (helmet unavailable)
rElec    .         Harm     .   (cloak unavailable)
rCorr    .         Rampage  .   (gloves unavailable)
Will     ++...                  (boots unavailable)
Stlth    ++++++....             (no amulet)
HPRegen  0.16/turn              n - ring of wizardry
MPRegen  0.14/turn              c - ring of willpower

@: very slow
A: very small, no armour, no weapons or thrown items, stealth, claws 1, fangs 3,
see invisible, cold resistance 1, speed 1, shaggy fur 2, subdued magic 1,
MP-powered wands, sharp paws
a: Renounce Religion, Bend Time, Temporal Distortion, Slouch, Step From Time


You were on level 11 of the Dungeon.
You worshipped Cheibriados.
Cheibriados was extremely pleased with you.
You visited 1 branch of the dungeon, and saw 12 of its levels.

You collected 503 gold pieces.
You spent 72 gold pieces at shops.

Inventory:

Jewellery
 c - a ring of willpower (right paw)
 g - an uncursed ring of resist corrosion
 n - a ring of wizardry (left paw)
Wands
 p - a wand of enslavement (2)
 q - a wand of digging (5)
 t - a wand of flame (4)
 u - a wand of polymorph (7)
 w - a wand of acid (8)
Scrolls
 a - a scroll of teleportation
 h - 3 scrolls of identify
 i - 5 scrolls of remove curse
 m - a scroll of magic mapping
 r - a scroll of fog
Potions
 b - 4 potions of attraction
 d - 2 potions of haste
 e - 2 potions of ambrosia
 f - 3 potions of mutation
 o - 2 potions of flight
 s - a potion of berserk rage
 v - a potion of curing
Miscellaneous
 j - a box of beasts (inert)
 k - a condenser vane
 l - a phantom mirror


   Skills:
 - Level 9.0 Fighting
 - Level 10.0 Dodging
 - Level 10.0 Stealth
 * Level 10.5 Unarmed Combat
 + Level 3.1 Spellcasting
 - Level 1.0 Summonings
 - Level 4.0 Translocations
 + Level 3.3 Invocations
 + Level 3.4 Evocations


You had 13 spell levels left.
You knew the following spells:

 Your Spells              Type           Power        Failure   Level
a - Apportation           Tloc           42%          1%          1
b - Summon Small Mammal   Summ           32%          1%          1

Your spell library contained the following spells:

 Spells                   Type           Power        Failure   Level
 Animate Skeleton         Necr           6%           2%          1
 Corona                   Hex            3%           2%          1
 Shock                    Conj/Air       12%          2%          1
 Swiftness                Air            3%           4%          2
 Ignite Poison            Fire/Tmut/Pois 3%           8%          3
 Static Discharge         Conj/Air       3%           8%          3
 Airstrike                Air            1%           26%         4
 Bolt of Magma            Conj/Fire/Erth 1%           58%         5
 Fireball                 Conj/Fire      1%           58%         5
 Iskenderun's Battlesphe  Conj           3%           58%         5
 Lightning Bolt           Conj/Air       1%           58%         5
 Iron Shot                Conj/Erth      1%           98%         6
 Starburst                Conj/Fire      1%           98%         6
 Orb of Destruction       Conj           1%           100%        7
 Spellforged Servitor     Conj/Summ      2%           100%        7
 Ignition                 Fire           1%           100%        8


Dungeon Overview and Level Annotations

Branches:
Dungeon (12/15)
 Temple: D:4-7         Lair: D:8-11         Orc: D:9-12

Altars:
Cheibriados
Fedhas
Gozag
Hepliaklqana
Nemelex Xobeh
Okawaru
Ru
Vehumet
Yredelemnul
The Shining One

Shops:
D:4 *   D:7 [

Annotations:
D:3 exclusion: downstairs
D:7 Harold
D:10 3 runed translucent doors
D:11 Urug


Innate Abilities, Weirdness & Mutations

You cannot wear armour.
You are incapable of wielding weapons or throwing items.
Your paws allow you to move quietly. (Stealth)
You have sharp claws.
You have razor-sharp teeth.
You have supernaturally acute eyesight. (SInv)
You cover ground quickly.
You are covered in thick fur. (AC +2)
Your sharp claws are effective at attacking unaware monsters.
Your flesh is cold resistant. (rC+)
Your spells are a little easier to cast, but a little less powerful.
You expend magic power (3 MP) to strengthen your wands.


Message History

The ice beast is moderately wounded.
The ice beast misses you.
You claw the ice beast!
The ice beast is heavily wounded.
The ice beast hits you but does no damage.
You completely miss the ice beast.
The ice beast is heavily wounded.
The ice beast hits you but does no damage.
You scratch the ice beast.
The ice beast is severely wounded.
The ice beast closely misses you.
You claw the ice beast!
You kill the ice beast!
Cheibriados thoroughly appreciates the change of pace.
A worker ant zombie comes into view.
A cyclops comes into view.
The cyclops shouts!
The cyclops throws a large rock.
The large rock hits you!!!
Ouch! That really hurt!
You die...

#. #..# #...# #..#####..#
#..>#######
###.........####.........######
...............................
####....<........##############
#.#########...# # #...#
#...##############
#@................
...C[...................
........................
####..#######..........# #Z.
..........# #.. ..........# ..
..........# ... ...........
###########


You could see a cyclops and a worker ant zombie (wandering).

Vanquished Creatures
  Fannar (D:11)
  Erica (D:8)
  A two-headed ogre (D:9)
  Pikel (D:8)
  An ugly thing (D:10)
  A deep elf mage (D:8)
  Maurice (D:8)
  A yak (D:9)
  A vampire mosquito (D:8)
  2 orc warriors (D:8)
  A black bear (D:7)
  3 phantoms
  4 ice beasts
  A wolf (D:9)
  6 killer bees
  4 ogres
  A necrophage (D:10)
  4 centaurs
  9 bullfrogs
  A big kobold (D:9)
  3 scorpions
  11 wights
  4 howler monkeys
  2 bullfrog zombies
  A quasit (D:10)
  2 centaur zombies
  8 hounds
  3 jellies
  A wyvern simulacrum (D:9)
  6 orc wizards
  6 orc priests
  A centaur skeleton (D:8)
  3 iguanas
  8 worker ants
  A statue (D:8)
  2 worker ant zombies
  3 gnolls (D:5)
  6 adders
  A shadow imp (D:10)
  3 white imps
  5 ufetubi
  An adder zombie (D:5)
  A worm (D:3)
  An adder skeleton (D:4)
  2 dart slugs
  5 leopard geckos
  19 orcs
  2 bats
  5 giant cockroaches
  6 hobgoblins
  8 jackals
  5 kobolds
  4 quokkas
  A ball python (D:2)
  A ball python zombie (D:6)
  2 frilled lizards
  4 goblins
  A jackal simulacrum (D:9)
  5 rats
198 creatures vanquished.

Vanquished Creatures (collateral kills)
  A two-headed ogre (D:8)
  A gargoyle (D:11)
  A soldier ant (shapeshifter) (D:8)
  2 killer bees (D:7)
  An orc priest (D:9)
  A centaur skeleton (D:10)
  A shadow imp (D:9)
  A jackal (D:8)
9 creatures vanquished.

Vanquished Creatures (others)
  A troll (D:11)
  3 killer bees (D:7)
4 creatures vanquished.

Grand Total: 211 creatures vanquished

Notes
Turn   | Place    | Note
-------+----------+-------------------------------------------
     0 | D:5      | CurlyBrace the Felid Delver began the quest for the Orb.
     0 | D:5      | Reached XP level 1. HP: 10/10 MP: 2/2
     1 | D:6      | Noticed a howler monkey
     5 | D:6      | Killed a howler monkey
     6 | D:6      | Reached XP level 2. HP: 14/14 MP: 3/3
     6 | D:6      | Reached XP level 3. HP: 17/17 MP: 4/4
    26 | D:5      | Noticed an ice beast
    65 | D:5      | Killed an ice beast
    66 | D:5      | Reached XP level 4. HP: 21/21 MP: 5/5
   113 | D:5      | Reached XP level 5. HP: 24/24 MP: 6/6
   281 | D:4      | Reached skill level 5 in Dodging
   291 | D:3      | Found a basalt altar of Yredelemnul.
   291 | D:3      | Found an iron altar of Okawaru.
   291 | D:3      | Found a glowing golden altar of the Shining One.
   291 | D:3      | Found a snail-covered altar of Cheibriados.
   294 | D:3      | Found a sacrificial altar of Ru.
   299 | D:3      | Became a worshipper of Cheibriados the Contemplative
   400 | D:4      | Found Xyoq's Assorted Antiques.
   404 | D:4      | Bought a fizzy inky potion for 24 gold pieces
   404 | D:4      | Bought a smoky coppery potion for 24 gold pieces
   404 | D:4      | Bought a sedimented amethyst potion for 24 gold pieces
   407 | D:4      | Noticed an ogre
   448 | D:3      | Found a sparkling altar of Nemelex Xobeh.
   457 | D:3      | Found an opulent altar of Gozag.
   675 | D:1      | Reached * piety under Cheibriados
   801 | D:1      | Found a sparkling altar of Nemelex Xobeh.
  1039 | D:3      | Gained mutation: You are covered in thick fur. (AC +2)
                  | [Felid growth]
  1039 | D:3      | Reached XP level 6. HP: 19/28 MP: 7/7
  1173 | D:5      | Reached skill level 5 in Unarmed Combat
  1190 | D:5      | Gained mutation: Your spells are a little easier to cast,
                  | but a little less powerful. [potion of mutation]
  1190 | D:5      | Gained mutation: Your flesh is cold resistant. (rC+)
                  | [potion of mutation]
  1190 | D:5      | Gained mutation: You expend magic power (3 MP) to
                  | strengthen your wands. [potion of mutation]
  1199 | D:5      | Reached ** piety under Cheibriados
  1381 | D:7      | Noticed Harold
  1631 | D:7      | Found Ampopser's Antique Armour Emporium.
  1650 | D:7      | Reached XP level 7. HP: 28/32 MP: 8/8
  1732 | D:7      | Found a hazy altar of Hepliaklqana.
  1742 | D:7      | Reached skill level 1 in Evocations
  1759 | D:7      | Reached skill level 1 in Invocations
  1850 | D:7      | Reached *** piety under Cheibriados
  1910 | D:7      | Reached XP level 8. HP: 35/36 MP: 0/9
  1948 | D:7      | Reached skill level 5 in Fighting
  1995 | D:8      | Noticed Erica
  2010 | D:8      | Killed Erica
  2078 | D:8      | Reached XP level 9. HP: 21/43 MP: 7/11
  2086 | D:8      | Noticed a deep elf mage
  2101 | D:8      | HP: 1/43 [deep elf mage/cursed -2 long sword (5)]
  2102 | D:8      | Killed from afar by a deep elf mage
  2103 | D:8      | Reached XP level 8. HP: -21/40 MP: 10/10
  2133 | D:8      | Noticed a two-headed ogre
  2139 | D:8      | Annihilated by a two-headed ogre
  2140 | D:8      | Reached XP level 7. HP: -27/36 MP: 9/9
  2155 | D:8      | Killed a deep elf mage
  2156 | D:8      | Reached XP level 8. HP: 32/40 MP: 4/10
  2286 | D:8      | Killed a two-headed ogre
  2342 | D:8      | Reached **** piety under Cheibriados
  2358 | D:8      | Noticed Pikel
  2369 | D:8      | Killed Pikel
  2370 | D:8      | Reached XP level 9. HP: 30/45 MP: 11/11
  2382 | D:8      | Reached skill level 1 in Spellcasting
  2470 | D:8      | Learned a level 1 spell: Apportation
  2497 | D:8      | Noticed Maurice
  2511 | D:8      | Killed Maurice
  2554 | D:9      | Reached skill level 1 in Translocations
  2567 | D:8      | Found a radiant altar of Vehumet.
  2643 | D:9      | Noticed a troll
  2737 | D:8      | Found a blossoming altar of Fedhas.
  2911 | D:10     | Entered Level 10 of the Dungeon
  3006 | D:10     | Noticed a sea snake
  3009 | D:10     | Noticed a sea snake
  3048 | D:10     | Found a runed translucent gate.
  3048 | D:10     | Found a runed translucent gate.
  3049 | D:10     | Found a runed translucent gate.
  3049 | D:10     | Noticed a brown ugly thing
  3049 | D:10     | Noticed a red ugly thing
  3049 | D:10     | Noticed a cyan ugly thing
  3049 | D:10     | Noticed a white ugly thing
  3052 | D:10     | Noticed a red very ugly thing
  3053 | D:10     | Noticed a glowing orange brain
  3070 | D:10     | Learned a level 1 spell: Summon Small Mammal
  3085 | D:10     | Reached ***** piety under Cheibriados
  3128 | D:10     | Reached XP level 10. HP: 41/49 MP: 13/13
  3184 | D:11     | Noticed Urug
  3265 | D:11     | Noticed a gargoyle
  3290 | D:10     | Noticed a cyan ugly thing
  3295 | D:10     | Reached skill level 1 in Summonings
  3300 | D:10     | Mangled by a cyan ugly thing
  3301 | D:10     | Reached XP level 9. HP: -8/45 MP: 11/12
  3309 | D:10     | Noticed a sea snake
  3348 | D:10     | Killed a cyan ugly thing
  3420 | D:9      | Noticed a two-headed ogre
  3444 | D:9      | Killed a two-headed ogre
  3445 | D:9      | Reached skill level 10 in Unarmed Combat
  3537 | D:9      | Reached XP level 10. HP: 39/49 MP: 12/15
  3601 | D:9      | Reached skill level 10 in Stealth
  3799 | D:11     | Noticed Fannar
  3805 | D:11     | Killed Fannar
  3806 | D:11     | Reached skill level 10 in Dodging
  3818 | D:11     | Killed a gargoyle
  3825 | D:12     | Noticed an unseen horror
  3841 | D:11     | Noticed a cyclops
  3841 | D:11     | Hit by a large rock thrown by a cyclops

Illustrated notes

Levels and vault maps discovered:
D:1:      onia_arrival_pentagram, layout_basic, minivault_25,
          chequers_serial_rivers_micro_b, corexii_item_surrounded_by_moat,
          chequers_jeans, hangedman_decor_lopped, nemelex_altar_shiori
D:2:      layout_basic, evilmike_ruin_ashenzari, grunt_qazlal_clouds
D:3:      layout_basic, grunt_temple_overflow_opulence, lemuel_doored_altar,
          nicolae_overflow_hidden_temple, serial_bayou_pond_a, nrook_campfire,
          grunt_decor_cap, guppyfry_early_lair_pool, uniq_jessica
D:4:      layout_loops_corners, serial_shops, kennysheep_mini, bloody_makhleb,
          uniq_eustachio, uniq_duvessa
D:5:      layout_cave_pools
D:6:      layout_rooms
D:7:      layout_gridville, nzn_hepliaklqana_mist_gate, temple_statues,
          serial_shops, nicolae_shop_competitors_out_of_business, uniq_harold
D:8:      minmay_the_grid_octo_tiled_squarecenter
          [minmay_the_grid_octo_clover_2, minmay_the_grid_octo_focus,
          minmay_the_grid_octo_empty, minmay_the_grid_octo_thin_diamonds,
          minmay_the_grid_square_5x5_megaprize_diamond,
          minmay_the_grid_square_5x5_shuriken, minmay_the_grid_square_5x5_eight,
          minmay_the_grid_square_5x5_z, minmay_the_grid_square_5x5_slash],
          layout_basic, kennysheep_little_box, vehumet_statue,
          minmay_misc_feat_x, uniq_pikel, uniq_erica, uniq_maurice
D:9:      layout_cross, serial_ice, serial_ice_e, serial_ice_j, serial_ice_o,
          serial_ice_f, serial_ice_h
D:10:     layout_rooms, serial_aquarium, aquarium_bridge_square
          [aquarium_subvault_wall, aquarium_subvault_wall,
          aquarium_subvault_balcony, aquarium_subvault_bridge],
          aquarium_bridge_square [aquarium_subvault_bridge,
          aquarium_subvault_wall, aquarium_subvault_window,
          aquarium_subvault_window], aquarium_window_fake, aquarium_window_1,
          aquarium_window_corner, aquarium_window_3, aquarium_view_2a,
          aquarium_view_2b, aquarium_balcony_1b,
          ploomutoo_gammafunk_ghost_potion_laboratory
D:11:     layout_small_grid, lair_entry_dummy, david_orc_4, uniq_psyche,
          uniq_nergalle, uniq_fannar, uniq_urug
D:12:     layout_long_grid

Skill      XL: |  1  2  3  4  5  6  7  8  9 10 |
---------------+-------------------------------+-----
Dodging        | 3 4 5 6 8 9 10 | 10.0
Stealth        | 7 8 9 10 | 10.0
Unarmed Combat | 3 4 5 8 7 10 | 10.5
Fighting       | 4 8 7 9 |  9.0
Evocations     | 2 3 |  3.4
Invocations    | 1 2 3 |  3.3
Spellcasting   | 2 3 |  3.1
Translocations | 4 |  4.0
Summonings     | 1 |  1.0

Action                   |  1- 3 |  4- 6 |  7- 9 | 10-12 || total
-------------------------+-------+-------+-------+-------++-------
Melee: Unarmed           |     3 |   192 |   324 |    65 ||   584
       Bite              |       |    22 |    48 |    10 ||    80
       Punch             |       |     4 |    27 |     6 ||    37
 Cast: Apportation       |       |       |     2 |    12 ||    14
Invok: Bend Time         |       |       |     1 |       ||     1
Evoke: Wand              |       |     1 |    19 |     3 ||    23
       Box of beasts     |       |       |     2 |       ||     2
       Condenser vane    |       |       |     2 |       ||     2
       Phantom mirror    |       |       |     1 |     1 ||     2
  Use: Scroll            |     1 |    13 |     5 |     3 ||    22
       Potion            |       |     7 |     4 |       ||    11
 Stab: Sleeping          |     3 |    15 |    20 |     6 ||    44
       Distracted        |       |     1 |     3 |       ||     4
       Betrayed ally     |       |       |     2 |       ||     2
       Confused          |       |       |     1 |       ||     1
Armor: Skin              |       |     6 |    11 |     2 ||    19
Dodge: Dodged            |       |   154 |   290 |    50 ||   494

Table legend: (Time is in decaauts)
 A = Elapsed time spent in this place.
 B = Non-inter-level travel time spent in this place.
 C = Inter-level travel time spent in this place.
 D = Time resting spent in this place.
 E = Time spent auto-exploring this place.
 F = Levels seen in this place.
 G = Mean time per level.
                   A        B        C        D        E       F      G
               +--------+--------+--------+--------+--------+-----+--------+
         Total |   4755 |   4716 |     39 |     47 |      0 |  12 |  396.2 |
       Dungeon |   4755 |   4716 |     39 |     47 |      0 |  12 |  396.2 |
               +--------+--------+--------+--------+--------+-----+--------+

Top non-repeatable levels by time:
     D:8: 1146 daAuts
     D:9: 604 daAuts
    D:10: 543 daAuts
     D:7: 485 daAuts
     D:5: 428 daAuts
     D:6: 299 daAuts
     D:3: 284 daAuts
     D:4: 260 daAuts
    D:11: 249 daAuts
     D:2: 231 daAuts
     D:1: 219 daAuts
    D:12: 1 daAuts
